 Dungeon Crawl Stone Soup version 0.29.1-1-gd02db6906a (webtiles) character file.

Game seed: 3446304458456149401

1684 Earthwalker the Poker (level 8, -3/70 HPs)
             Began as a Minotaur Fighter on Oct 10, 2022.
             Was a Believer of Okawaru.
             Slain by a troll (14 damage)
             ... on level 7 of the Dungeon.
             The game lasted 00:14:39 (6517 turns).

Earthwalker the Poker (Minotaur Fighter)            Turns: 6517, Time: 00:14:39

Health: -3/70      AC: 11    Str: 22    XL:     8   Next: 71%
Magic:  9/9        EV: 10    Int:  5    God:    Okawaru [**....]
Gold:   377        SH:  5    Dex: 11    Spells: 7/7 levels left

rFire   . . .      SeeInvis .   a - +0 trident
rCold   . . .      Faith    .   c - +0 buckler
rNeg    . . .      Spirit   .   b - +0 scale mail
rPois   .          Reflect  .   (helmet restricted)
rElec   .          Harm     .   (no cloak)
rCorr   +          Rampage  .   (no gloves)
Will    .....                   (no boots)
Stlth   +.........              (no amulet)
HPRegen 0.21/turn               m - +4 ring of protection
MPRegen 0.11/turn               o - ring of resist corrosion

@: no status effects
A: horns 2, retaliatory headbutt
a: Renounce Religion, Heroism


You were on level 7 of the Dungeon.
You worshipped Okawaru.
Okawaru was pleased with you.
You visited 2 branches of the dungeon, and saw 8 of its levels.

You collected 377 gold pieces.

Inventory:

Hand Weapons
 a - a +0 trident (weapon)
Missiles
 f - 8 poisoned darts (quivered)
 r - 4 javelins
Armour
 b - a +0 scale mail (worn)
 c - a +0 buckler (worn)
Jewellery
 m - a +4 ring of protection (left hand)
 o - a ring of resist corrosion (right hand)
Wands
 p - a wand of digging (4)
 v - a wand of acid (15)
Scrolls
 g - a scroll of amnesia
 k - 8 scrolls of identify
 n - 5 scrolls of magic mapping {unknown}
 t - a scroll of fog {unknown}
Potions
 d - 5 potions of might
 e - 4 potions of brilliance
 h - 4 potions of invisibility
 i - a potion of flight
 j - a potion of attraction {unknown}
 l - 2 potions of lignification {unknown}
 q - 4 potions of curing {unknown}
 s - 2 potions of degeneration {unknown}
 u - a potion of heal wounds {unknown}


   Skills:
 * Level 5.7 Fighting
 * Level 6.9 Polearms
 * Level 2.9 Throwing
 * Level 6.8 Armour
 * Level 2.8 Dodging
 * Level 2.5 Stealth
 * Level 4.9 Shields
 * Level 2.9 Invocations
 * Level 2.5 Evocations


You had 7 spell levels left.
You didn't know any spells.
Your spell library contained the following spells:

 Spells                   Type           Power      Damage    Failure   Level
 Apportation              Tloc           0%         N/A       86%         1
 Necrotise                Necr           0%         1d4       86%         1
 Sublimation of Blood     Necr           0%         N/A       94%         2
 Wereblood                Tmut           0%         N/A       94%         2
 Summon Small Mammal      Summ           Unusable   N/A       N/A         1
 Summon Hydra             Summ           Unusable   N/A       N/A         7

Dungeon Overview and Level Annotations

Branches:
Dungeon (7/15)             Temple (1/1) D:5

Altars:
Ashenzari
Cheibriados
Dithmenos
Fedhas
Gozag
Kikubaaqudgha
Makhleb
Okawaru
Qazlal
Ru
Sif Muna
Trog
Uskayaw
Vehumet
Wu Jian
Zin
The Shining One


Innate Abilities, Weirdness & Mutations

You have a pair of horns on your head.
You reflexively headbutt those who attack you in melee.


Message History

The troll is moderately wounded.
The troll bites you! The troll claws you but does no damage.
The troll claws you.
You closely miss the troll.
The troll is lightly wounded.
The troll bites you but does no damage. The troll barely misses you.
The troll claws you but does no damage.
You hit the troll. You headbutt the troll.
The troll is heavily wounded.
The troll bites you but does no damage. The troll claws you!
The troll claws you but does no damage.
You hit the troll but do no damage. Your headbutt misses the troll.
The troll is heavily wounded.
The troll bites you but does no damage. The troll claws you but does no damage.
The troll claws you.
You hit the troll but do no damage. Your headbutt misses the troll.
The troll is heavily wounded.
You block the troll's attack. The troll claws you but does no damage.
The troll claws you.
You puncture the troll!
The troll is heavily wounded.
The troll closely misses you. You furiously retaliate!
You headbutt the troll, but do no damage.
The troll claws you! The troll claws you.
You puncture the troll! You headbutt the troll.
The troll is almost dead.
The troll bites you!
* * * LOW HITPOINT WARNING * * *
The troll claws you but does no damage. The troll barely misses you.
You hit the troll.
The troll is almost dead.
The troll closely misses you. You furiously retaliate!
You headbutt the troll, but do no damage.
The troll claws you.
* * * LOW HITPOINT WARNING * * *
You block the troll's attack.
You barely miss the troll.
The troll is severely wounded.
The troll bites you!
You die...

#.#.# #. .# #.#.# #. .#
######.#.# #. ...
.......#.###.
#.#########......
#.#........#.####
#######.#.######.#.....
#....T..#.######.#####.
#@.#............#.
#..########.###.#.
#....#........#.#.
#.#####.##.#........#.#.
#..........#..#.#...#.#.
#.#####.#..#..#.......#.
#.....#..#..#########.
#........#..#
#.......#.##..#


You could see a troll.

Vanquished Creatures
  Pikel (D:5)
  An ice beast (D:6)
  3 ogres (D:5)
  A black bear (D:6)
  3 lemures
  A centaur (D:6)
  A bullfrog (D:6)
  5 hounds
  An orc priest (D:5)
  3 jellies
  Jessica (D:3)
  3 iguanas
  Ijyb (D:3)
  3 orc wizards
  Robin (D:3)
  4 adders
  A shadow imp (D:6)
  An ufetubus (D:5)
  13 orcs
  3 bats
  8 endoplasms
  7 giant cockroaches
  15 goblins
  6 hobgoblins
  9 jackals
  8 quokkas
  8 ball pythons
  3 frilled lizards
  13 kobolds
  10 rats
138 creatures vanquished.

Vanquished Creatures (others)
  3 plants
  4 withered plants (D:4)
7 creatures vanquished.

Grand Total: 145 creatures vanquished

Notes
Turn   | Place    | Note
-------+----------+-------------------------------------------
     0 | D:1      | Earthwalker the Minotaur Fighter began the quest for the
                  | Orb.
     0 | D:1      | Reached XP level 1. HP: 19/19 MP: 0/0
   265 | D:1      | Reached XP level 2. HP: 25/27 MP: 1/1
   845 | D:1      | Reached XP level 3. HP: 33/33 MP: 2/2
  1306 | D:2      | Found a faded altar of an unknown god.
  1661 | D:2      | Found a radiant altar of Vehumet.
  1944 | D:3      | Found a shimmering blue altar of Sif Muna.
  1951 | D:3      | Noticed Jessica
  1960 | D:3      | Killed Jessica
  1961 | D:3      | Reached XP level 4. HP: 39/40 MP: 3/3
  2139 | D:3      | Noticed Robin
  2158 | D:3      | Killed Robin
  2159 | D:3      | Reached skill level 1 in Throwing
  2330 | D:3      | Noticed Ijyb
  2347 | D:3      | Killed Ijyb
  2348 | D:3      | Reached skill level 1 in Dodging
  2348 | D:3      | Reached skill level 1 in Invocations
  2348 | D:3      | Reached skill level 1 in Evocations
  2348 | D:3      | Reached XP level 5. HP: 44/46 MP: 4/4
  2397 | D:3      | Found a shadowy altar of Dithmenos.
  2526 | D:3      | Found a hide-covered altar of Uskayaw.
  2773 | D:4      | Found an ancient bone altar of Kikubaaqudgha.
  2785 | D:4      | Reached skill level 1 in Stealth
  3201 | D:4      | Reached XP level 6. HP: 11/52 MP: 4/6
  3630 | D:5      | Entered Level 5 of the Dungeon
  4083 | D:5      | Reached skill level 5 in Polearms
  4090 | D:5      | Reached skill level 5 in Armour
  4130 | D:5      | Reached XP level 7. HP: 29/60 MP: 7/7
  4282 | D:5      | Found a staircase to the Ecumenical Temple.
  4288 | Temple   | Entered the Ecumenical Temple
  4310 | Temple   | Became a worshipper of Warmaster Okawaru
  4361 | D:5      | Noticed Pikel
  4778 | D:5      | Killed Pikel
  4778 | D:5      | Reached * piety under Okawaru
  4779 | D:5      | Reached skill level 5 in Fighting
  4779 | D:5      | Reached XP level 8. HP: 37/68 MP: 8/8
  5129 | D:5      | Found a sacrificial altar of Ru.
  5204 | D:5      | Found a snail-covered altar of Cheibriados.
  5272 | D:5      | Reached ** piety under Okawaru
  6507 | D:7      | Noticed a troll
  6517 | D:7      | Slain by a troll

Illustrated notes

Levels and vault maps discovered:
D:1:      evilmike_arrival_rings, layout_loops_ring, minmay_shallow_snake_nest
D:2:      layout_basic, shapermc_ecumenical_altar_mp_urbaneastern, basic_altar
D:3:      layout_basic, nicolae_overflow_crystal_walls,
          nicolae_uskayaw_suspiria, amcnicky_altar_gilded, portal_sewer_entry_e,
          uniq_ijyb, uniq_jessica, uniq_robin
D:4:      layout_cave_pools, kiku_gazebo_garden_becter, nrook_uturn
D:5:      layout_rooms, marbit_many_paths, nicolae_ru_path_of_blood,
          minmay_temple_entry_gardened_gates, uniq_pikel
D:6:      layout_gridville, chequers_arboretum, serial_bayou_pond_c
D:7:      layout_basic, nemelex_xobeh_ov_fountains_minmay,
          kennysheep_little_box, mainiacjoe_overflow_paths,
          nicolae_concentric_dashed_squares_wild
Temple:   chequers_temple_sunken

Skill      XL: |  1  2  3  4  5  6  7 |
---------------+----------------------+-----
Armour         | 4 5 6 |  6.8
Polearms       | 3 4 5 6 |  6.9
Fighting       | 4 5 |  5.7
Throwing       | 1 2 |  2.9
Dodging        | 1 2 |  2.8
Shields        | 4 |  4.9
Invocations    | 1 2 |  2.9
Evocations     | 1 2 |  2.5
Stealth        | 1 2 |  2.5

Action                   |  1- 3 |  4- 6 |  7- 9 || total
-------------------------+-------+-------+-------++-------
Melee: Trident           |    97 |   189 |   124 ||   410
       Headbutt          |    10 |    24 |    24 ||    58
  Use: Scroll            |     7 |       |       ||     7
Armor: Scale mail        |    50 |    90 |    68 ||   208
Dodge: Dodged            |    35 |    82 |    61 ||   178
Block: Buckler           |    13 |    26 |    20 ||    59
